PBL
KANSAS CITY ROYALS @ TEXAS RANGERS
09/28/2052
 
TOP OF THE 1ST
Kansas City Royals batting - Pitching for Texas Rangers : RHP Ronald Holt
Pitching: RHP Ronald Holt
Batting: RHB John Beatty 0-0: Called Strike
0-1: Ball
1-1: Called Strike
1-2: Ball
2-2: Ground out 6-3 (Groundball, 6, EV 95.0 MPH)
Batting: LHB José González 0-0: Called Strike
0-1: SINGLE (Groundball, 4D, EV 104.4 MPH)
Batting: SHB Orlando García 0-0: Swinging Strike
0-1: Ball
1-1: Foul Ball, location: 2F
1-2: Ball
2-2: Ground out 6-3 (Groundball, 6, EV 81.3 MPH)
José González to second
Batting: LHB Bill Kachmar 0-0: Foul Ball, location: 2F
0-1: Swinging Strike
0-2: Ball
1-2: Strikes out swinging
Top of the 1st over - 0 runs, 1 hit, 0 errors, 1 left on base; Kansas City 0 - Texas 0
BOTTOM OF THE 1ST
Texas Rangers batting - Pitching for Kansas City Royals : RHP Jorge Elías
Pitching: RHP Jorge Elías
Batting: RHB Héctor Martínez 0-0: Ball
1-0: Ball
2-0: Called Strike
2-1: SINGLE (Groundball, 4D, EV 106.3 MPH)
Batting: LHB Oliver de Kok 0-0: Called Strike
0-1: Fly out, F6 (Popup, P, EV 75.0 MPH)
Batting: RHB Amghar Sumait 0-0: Called Strike
0-1: Foul Ball, location: 2F
0-2: Ball
1-2: Ball
2-2: Fly out, F8 (Flyball, 89M, EV 88.1 MPH)
Batting: LHB Jimmy Miller 0-0: Ball
1-0: Ball
2-0: Ball
3-0: Called Strike
3-1: Swinging Strike
3-2: Strikes out swinging, 2-3 out at first.
Bottom of the 1st over - 0 runs, 1 hit, 0 errors, 1 left on base; Kansas City 0 - Texas 0
TOP OF THE 2ND
Kansas City Royals batting - Pitching for Texas Rangers : RHP Ronald Holt
Batting: RHB Gerald Callahan 0-0: Ball
1-0: Ball
2-0: Foul Ball, location: 2F
2-1: Foul Ball, location: 2F
2-2: Ground out 6-3 (Groundball, 6D, EV 106.3 MPH)
Batting: RHB Anthony Marshall 0-0: SINGLE (Line Drive, 4D, EV 98.1 MPH)
Batting: LHB Augusto Balita 0-0: Ball
1-0: Foul Ball, location: 2F
1-1: Ball
2-1: Fly out, F2 (Popup, 25F, EV 93.1 MPH)
Batting: RHB Colt Williams 0-0: Fly out, F4 (Popup, 34S, EV 75.6 MPH)
Top of the 2nd over - 0 runs, 1 hit, 0 errors, 1 left on base; Kansas City 0 - Texas 0
BOTTOM OF THE 2ND
Texas Rangers batting - Pitching for Kansas City Royals : RHP Jorge Elías
Batting: RHB Billy Jenkins 0-0: Ground out 4-3 (Groundball, 34D, EV 110.6 MPH)
Batting: RHB Lawrence Cummings 0-0: Ball
1-0: Ball
2-0: Foul Ball, location: 2F
2-1: Called Strike
2-2: Foul Ball, location: 2F
2-2: Fly out, F8 (Line Drive, 8LM, EV 100.6 MPH)
Batting: RHB Juan Rodríguez 0-0: Ball
1-0: Called Strike
1-1: Ball
2-1: SOLO HOME RUN (Flyball, 7LD, EV 104.4 MPH), Distance : 347 ft
Batting: RHB Danny Martin 0-0: Foul Ball, location: 2F
0-1: Foul Ball, location: 2F
0-2: Foul Ball, location: 2F
0-2: Ball
1-2: Foul Ball, location: 2F
1-2: Fly out, F8 (Line Drive, 8RM, EV 85.0 MPH)
Bottom of the 2nd over - 1 run, 1 hit, 0 errors, 0 left on base; Kansas City 0 - Texas 1
TOP OF THE 3RD
Kansas City Royals batting - Pitching for Texas Rangers : RHP Ronald Holt
Batting: RHB Kazutoshi Nakamura 0-0: Ball
1-0: Called Strike
1-1: Called Strike
1-2: Ball
2-2: Foul Ball, location: 2F
2-2: Strikes out swinging
Batting: RHB John Beatty 0-0: Ball
1-0: Ball
2-0: Called Strike
2-1: Ball
3-1: Base on Balls
Batting: LHB José González 0-0: Ball
1-0: Ball
2-0: Ball
3-0: Base on Balls
John Beatty to second
Batting: SHB Orlando García 0-0: Ball
1-0: Ball
2-0: Called Strike
2-1: Foul Ball, location: 2F
2-2: Foul Ball, location: 2F
2-2: Foul Ball, location: 2F
2-2: Foul Ball, location: 2F
2-2: Ball
3-2: Fly out, F6 (Line Drive, 6, EV 70.6 MPH)
Batting: LHB Bill Kachmar 0-0: Ball
1-0: Ground out 5-3 (Groundball, 56S, EV 75.0 MPH)
Top of the 3rd over - 0 runs, 0 hits, 0 errors, 2 left on base; Kansas City 0 - Texas 1
BOTTOM OF THE 3RD
Texas Rangers batting - Pitching for Kansas City Royals : RHP Jorge Elías
Batting: LHB Del Hammack 0-0: Ball
1-0: Ground out 4-3 (Groundball, 4S, EV 87.5 MPH)
Batting: RHB Héctor Martínez 0-0: Ball
1-0: Ball
2-0: Ball
3-0: Base on Balls
Batting: LHB Oliver de Kok 0-0: Fly out, F9 (Flyball, 9, EV 85.6 MPH)
Batting: RHB Amghar Sumait 0-0: Ball
1-0: Foul Ball, location: 2F
1-1: Ball
2-1: Fielders Choice at 2nd, 5-4 (Groundball, 5L, EV 88.1 MPH)
Bottom of the 3rd over - 0 runs, 0 hits, 0 errors, 1 left on base; Kansas City 0 - Texas 1
TOP OF THE 4TH
Kansas City Royals batting - Pitching for Texas Rangers : RHP Ronald Holt
Batting: RHB Gerald Callahan 0-0: Called Strike
0-1: Ball
1-1: Foul Ball, location: 2F
1-2: Ball
2-2: SINGLE (Groundball, 6D, EV 108.8 MPH)
Batting: RHB Anthony Marshall 0-0: Ball
1-0: Called Strike
1-1: Foul Ball, location: 2F
1-2: Strikes out swinging
Batting: LHB Augusto Balita 0-0: Ball
1-0: Called Strike
1-1: Called Strike
1-2: Foul Ball, location: 2F
1-2: Strikes out swinging
Batting: RHB Colt Williams 0-0: DOUBLE (Line Drive, 89D, EV 107.5 MPH)
Gerald Callahan to third
Runner from 3rd tries for Home, SAFE, throw by RF to home
Batting: RHB Kazutoshi Nakamura 0-0: Swinging Strike
0-1: Ball
1-1: Ball
2-1: Foul Ball, location: 2F
2-2: Strikes out swinging
Top of the 4th over - 1 run, 2 hits, 0 errors, 1 left on base; Kansas City 1 - Texas 1
BOTTOM OF THE 4TH
Texas Rangers batting - Pitching for Kansas City Royals : RHP Jorge Elías
Pitching: RHP Michael Gray
Batting: LHB Jimmy Miller 0-0: Called Strike
0-1: Ball
1-1: Foul Ball, location: 2F
1-2: Ground out 4-3 (Groundball, 4M, EV 88.8 MPH)
Batting: RHB Billy Jenkins 0-0: Ground out 5-3 (Groundball, 5, EV 103.8 MPH)
Batting: RHB Lawrence Cummings 0-0: Called Strike
0-1: Ball
1-1: Swinging Strike
1-2: Strikes out looking
Bottom of the 4th over - 0 runs, 0 hits, 0 errors, 0 left on base; Kansas City 1 - Texas 1
TOP OF THE 5TH
Kansas City Royals batting - Pitching for Texas Rangers : RHP Ronald Holt
Batting: RHB John Beatty 0-0: Called Strike
0-1: Ball
1-1: Foul Ball, location: 2F
1-2: Strikes out swinging
Batting: LHB José González 0-0: Called Strike
0-1: Foul Ball, location: 2F
0-2: Foul Ball, location: 2F
0-2: Ball
1-2: Foul Ball, location: 2F
1-2: Ball
2-2: Strikes out swinging
Batting: SHB Orlando García 0-0: Ground out 3-1 (Groundball, 34, EV 83.8 MPH)
Top of the 5th over - 0 runs, 0 hits, 0 errors, 0 left on base; Kansas City 1 - Texas 1
BOTTOM OF THE 5TH
Texas Rangers batting - Pitching for Kansas City Royals : RHP Michael Gray
Batting: RHB Juan Rodríguez 0-0: Called Strike
0-1: Fly out, F8 (Flyball, 8LD, EV 101.3 MPH)
Batting: RHB Danny Martin 0-0: Called Strike
0-1: Foul Ball, location: 2F
0-2: Foul Ball, location: 2F
0-2: Ball
1-2: Ground out 5-3 (Groundball, 56S, EV 89.4 MPH)
Batting: LHB Del Hammack 0-0: Swinging Strike
0-1: Ground out 1-3 (Groundball, P, EV 80.6 MPH)
Bottom of the 5th over - 0 runs, 0 hits, 0 errors, 0 left on base; Kansas City 1 - Texas 1
TOP OF THE 6TH
Kansas City Royals batting - Pitching for Texas Rangers : RHP Ronald Holt
Batting: LHB Bill Kachmar 0-0: Called Strike
0-1: Foul Ball, location: 2F
0-2: Foul Ball, location: 2F
0-2: Ball
1-2: Ball
2-2: Ball
3-2: Ground out 1-3 (Groundball, 15, EV 86.9 MPH)
Batting: RHB Gerald Callahan 0-0: Swinging Strike
0-1: Foul Ball, location: 2F
0-2: Foul Ball, location: 2F
0-2: Foul Ball, location: 2F
0-2: Fly out, F7 (Line Drive, 7, EV 106.9 MPH)
Batting: RHB Anthony Marshall 0-0: Called Strike
0-1: Foul Ball, location: 2F
0-2: Ball
1-2: Ball
2-2: Fly out, F7 (Flyball, 7D, EV 90.0 MPH)
Top of the 6th over - 0 runs, 0 hits, 0 errors, 0 left on base; Kansas City 1 - Texas 1
BOTTOM OF THE 6TH
Texas Rangers batting - Pitching for Kansas City Royals : RHP Michael Gray
Batting: RHB Héctor Martínez 0-0: Called Strike
0-1: Called Strike
0-2: Ball
1-2: Ball
2-2: Ball
3-2: Base on Balls
Batting: LHB Oliver de Kok 0-0: Called Strike
0-1: Ball
1-1: Sac Bunt to 25 - play at first, batter OUT! 5-3
Héctor Martínez to second
Batting: RHB Amghar Sumait 0-0: Swinging Strike
0-1: Ball
1-1: Ball
2-1: Ground out 6-3 (Groundball, 6, EV 78.8 MPH)
Héctor Martínez to third
Batting: LHB Jimmy Miller 0-0: Ball
1-0: Foul Ball, location: 2F
1-1: Foul Ball, location: 2F
1-2: Foul Ball, location: 2F
1-2: Ground out U3 (Groundball, 3L, EV 110.0 MPH)
Bottom of the 6th over - 0 runs, 0 hits, 0 errors, 1 left on base; Kansas City 1 - Texas 1
TOP OF THE 7TH
Kansas City Royals batting - Pitching for Texas Rangers : RHP Ronald Holt
Pitching: LHP Gabriel Burdikin
Batting: LHB Augusto Balita 0-0: Fly out, F7 (Flyball, 7, EV 86.9 MPH)
Pitching: RHP David Lyle
Batting: RHB Colt Williams 0-0: Called Strike
0-1: Ball
1-1: Called Strike
1-2: Strikes out looking
Batting: RHB Kazutoshi Nakamura 0-0: Swinging Strike
0-1: Called Strike
0-2: Ball
1-2: Ball
2-2: Ball
3-2: Fly out, F8 (Flyball, 89D, EV 97.5 MPH)
Top of the 7th over - 0 runs, 0 hits, 0 errors, 0 left on base; Kansas City 1 - Texas 1
BOTTOM OF THE 7TH
Texas Rangers batting - Pitching for Kansas City Royals : RHP Michael Gray
Batting: RHB Billy Jenkins 0-0: Fly out, F8 (Flyball, 8LD, EV 83.8 MPH)
Batting: RHB Lawrence Cummings 0-0: Called Strike
0-1: Ground out 1-3 (Groundball, P, EV 87.5 MPH)
Batting: RHB Juan Rodríguez 0-0: Foul Ball, location: 2F
0-1: Ball
1-1: Ball
2-1: Foul Ball, location: 2F
2-2: Foul Ball, location: 2F
2-2: Strikes out looking
Bottom of the 7th over - 0 runs, 0 hits, 0 errors, 0 left on base; Kansas City 1 - Texas 1
TOP OF THE 8TH
Kansas City Royals batting - Pitching for Texas Rangers : RHP David Lyle
Batting: RHB John Beatty 0-0: Called Strike
0-1: Called Strike
0-2: Ball
1-2: Foul Ball, location: 2F
1-2: SINGLE (Line Drive, 3D, EV 96.9 MPH)
Batting: LHB José González 0-0: Ball
1-0: Sac Bunt to P - play at first, batter OUT! 1-4
John Beatty to second
Batting: SHB Orlando García 0-0: Ball
1-0: Ball
2-0: Ball
3-0: Called Strike
3-1: SINGLE (Line Drive, 8RS, EV 84.4 MPH)
John Beatty to third
Batting: LHB Bill Kachmar 0-0: Ball
1-0: Fly out, F6 (Popup, 6MD, EV 68.8 MPH)
Batting: RHB Gerald Callahan 0-0: Ball
1-0: Called Strike
1-1: Ball
2-1: Foul Ball, location: 2F
2-2: Ball
3-2: Foul Ball, location: 2F
3-2: Strikes out swinging
Top of the 8th over - 0 runs, 2 hits, 0 errors, 2 left on base; Kansas City 1 - Texas 1
BOTTOM OF THE 8TH
Texas Rangers batting - Pitching for Kansas City Royals : RHP Michael Gray
Pitching: RHP Ed Hale
Batting: RHB Danny Martin 0-0: Called Strike
0-1: Called Strike
0-2: Ball
1-2: Foul Ball, location: 2F
1-2: Ground out 5-3 (Groundball, 56, EV 83.8 MPH)
Batting: LHB Del Hammack 0-0: Called Strike
0-1: DOUBLE (Line Drive, 9LM, EV 101.3 MPH)
Pinch Runner at 2nd Albert Hernández:
Batting: RHB Héctor Martínez 0-0: Ball
1-0: Called Strike
1-1: Ball
2-1: Called Strike
2-2: Strikes out swinging
Batting: LHB Oliver de Kok 0-0: Called Strike
0-1: Ball
1-1: Ground out 4-3 (Groundball, 4, EV 91.9 MPH)
Bottom of the 8th over - 0 runs, 1 hit, 0 errors, 1 left on base; Kansas City 1 - Texas 1
TOP OF THE 9TH
Kansas City Royals batting - Pitching for Texas Rangers : RHP David Lyle
Now at C: Edmond Edwards
Batting: RHB Anthony Marshall 0-0: Called Strike
0-1: Called Strike
0-2: Ball
1-2: Strikes out looking
Pitching: RHP Bill Black
Batting: LHB Augusto Balita 0-0: Ball
1-0: Swinging Strike
1-1: SINGLE (Groundball, 56D, EV 96.9 MPH)
Pinch Hitting: LHB Enrique Herrera 0-0: Called Strike
0-1: SINGLE (Groundball, 5L, EV 103.8 MPH) (infield hit)
Augusto Balita to second
Batting: RHB Kazutoshi Nakamura 0-0: Ball
1-0: Ball
2-0: Called Strike
2-1: Ball
3-1: Called Strike
3-2: Grounds into double play, 6-4-3 (Groundball, 6, EV 103.1 MPH)
Top of the 9th over - 0 runs, 2 hits, 0 errors, 1 left on base; Kansas City 1 - Texas 1
BOTTOM OF THE 9TH
Texas Rangers batting - Pitching for Kansas City Royals : RHP Ed Hale
Now at 2B: José Contreras
Batting: RHB Amghar Sumait 0-0: Called Strike
0-1: Ball
1-1: Fly out, F7 (Line Drive, 7S, EV 89.4 MPH)
Batting: LHB Jimmy Miller 0-0: Ball
1-0: Ball
2-0: Ball
3-0: Base on Balls
Batting: RHB Billy Jenkins 0-0: Foul Ball, location: 2F
0-1: SINGLE (Line Drive, 8LS, EV 91.9 MPH)
Jimmy Miller to second
Batting: RHB Lawrence Cummings 0-0: Called Strike
0-1: SINGLE (Groundball, 6MD, EV 100.6 MPH)
Jimmy Miller to third
Billy Jenkins to second
Pitching: RHP Jeff Beck
Batting: RHB Juan Rodríguez 0-0: Called Strike
0-1: GRAND SLAM HOME RUN (Line Drive, 78XD, EV 100.0 MPH), Distance : 409 ft
Wednesday, December 18th, 2019 - OOTP Baseball 20.8 Build 73